 Dungeon Crawl Stone Soup version 0.29-a0-11-ga75d3d97ab (webtiles) character file.

Game seed: 2921435902778959218

132 HallandMoats the Skirmisher (level 5, -4/47 HPs)
             Began as a Ghoul Monk on Jan 28, 2022.
             Killed by divine providence
             ... invoked by an orc priest
              (14 damage)
             ... on level 3 of the Dungeon.
             The game lasted 00:03:04 (2464 turns).

HallandMoats the Skirmisher (Ghoul Monk)            Turns: 2464, Time: 00:03:05

Health: -4/47      AC: 10    Str: 15    XL:     5   Next: 15%
Magic:  4/4        EV:  7    Int:  5    God:
Gold:   121        SH:  0    Dex: 13    Spells: 4/4 levels left

rFire   . . .      SeeInvis .     - Unarmed
rCold   + . .      Faith    .   (no shield)
rNeg    + + +      Spirit   .   f - +0 chain mail
rPois   ∞          Reflect  .   (no helmet)
rElec   .          Harm     .   g - +0 cloak
rCorr   .          Rampage  .   (no gloves)
Will    .....                   i - +0 pair of boots
Stlth   ..........              (no amulet)
HPRegen 0.00/turn               (no ring)
MPRegen 0.09/turn               (no ring)

@: inhibited regen
A: claws 1, cold resistance 1, negative energy resistance 3, inhibited
regeneration, torment resistance 2
a: no special abilities


You were on level 3 of the Dungeon.
You visited 1 branch of the dungeon, and saw 3 of its levels.

You collected 121 gold pieces.

Inventory:

Armour
 f - a +0 chain mail (worn)
 g - a +0 cloak (worn)
 i - a +0 pair of boots (worn)
Scrolls
 a - 2 scrolls of identify {unknown}
 b - a scroll of fog {unknown}
 c - 3 scrolls of teleportation {unknown}
 d - 2 scrolls of magic mapping {unknown}
Potions
 e - a potion of curing {unknown}
 h - a potion of cancellation {unknown}
 j - a potion of magic {unknown}


   Skills:
 * Level 4.4 Fighting
 + Level 1.4 Armour
 + Level 3.2 Dodging
 - Level 2.1 Stealth
 * Level 4.3 Unarmed Combat
 + Level 0.6 Invocations


You had 4 spell levels left.
You didn't know any spells.
Your spell library contained the following spells:

 Spells                   Type           Power      Damage    Failure   Level
 Magic Dart               Conj           0%         1d3       100%        1
 Call Imp                 Summ           0%         N/A       100%        2
 Mephitic Cloud           Conj/Pois/Air  0%         N/A       100%        3


Dungeon Overview and Level Annotations

Branches:
Dungeon (3/15)

Altars:


Innate Abilities, Weirdness & Mutations

You thrive by killing the living.
You are immune to poison.
You have sharp fingernails.
Your flesh is cold resistant. (rC+)
You are immune to negative energy. (rN+++)
You do not regenerate when monsters are visible.
You are immune to unholy pain and torment.


Message History

The orc priest is lightly wounded.
The orc priest barely misses you. Something hits you but does no damage.
You scratch the orc priest but do no damage.
The orc priest is lightly wounded.
The orc priest hits you but does no damage.
Something hits you but does no damage.
You scratch the orc priest but do no damage.
The orc priest is lightly wounded.
The orc priest barely misses you. Something hits you.
You scratch the orc priest but do no damage.
The orc priest is lightly wounded.
The orc priest hits you with a +0 flail.
Something hits you but does no damage.
You barely miss the orc priest.
The orc priest is lightly wounded.
The orc priest hits you with a +0 flail.
Something hits you but does no damage.
You scratch the orc priest.
The orc priest is lightly wounded.
The orc priest mumbles some strange prayers to Beogh against you.
Beogh smites you!
You are too injured to fight recklessly!
You can't go down here!
You scratch the orc priest but do no damage.
The orc priest is lightly wounded.
Something hits you.
The orc priest hits you with a +0 flail.
You scratch the orc priest.
The orc priest is heavily wounded.
You hear some strange, mumbled words.
Something tries to affect you, but you resist.
The orc priest hits you with a +0 flail.
* * * LOW HITPOINT WARNING * * *
You scratch the orc priest.
The orc priest is severely wounded.
Something hits you.
* * * LOW HITPOINT WARNING * * *
The orc priest calls down the wrath of Beogh upon you.
Beogh smites you!
You die...

#.............## ####..#..
#..............#### #.....##.
##................###.#..##..
##............###..##.#.###.#
#.............####.##.#.# #.#
#...............##.##.#.# #.#
#.........(.............###.#
#............{..#...##.##...#
#.[.........@o......##.#..###
##...........#..#....#.#.##
####....................#.#
#.........................####
#..........##(................
#........###..#####.....#####o
# ###....##....## ##...## ## #
##.....##.#### ##### # #
#............# #


You could see an orc priest.

Vanquished Creatures
  An orc priest (D:2)
  Terence (D:2)
  An adder (D:2)
  A worm (D:3)
  4 dart slugs
  3 orcs
  A ball python (D:1)
  5 endoplasms
  3 giant cockroaches
  5 goblins
  6 hobgoblins
  4 jackals (D:1)
  2 quokkas
  7 bats
  2 frilled lizards (D:1)
  4 kobolds
  A rat (D:1)
51 creatures vanquished.

Notes
Turn   | Place    | Note
-------+----------+-------------------------------------------
     0 | D:1      | HallandMoats the Ghoul Monk began the quest for the Orb.
     0 | D:1      | Reached XP level 1. HP: 19/19 MP: 0/0
    30 | D:1      | Reached XP level 2. HP: 16/26 MP: 1/1
   602 | D:1      | Reached XP level 3. HP: 33/33 MP: 2/2
  1319 | D:2      | Noticed Terence
  1331 | D:2      | Killed Terence
  1332 | D:2      | Reached skill level 1 in Armour
  1332 | D:2      | Reached XP level 4. HP: 14/40 MP: 3/3
  1846 | D:3      | Found a faded altar of an unknown god.
  2278 | D:2      | Reached XP level 5. HP: 22/47 MP: 4/4
  2464 | D:3      | Killed from afar by an orc priest

Illustrated notes

Levels and vault maps discovered:
D:1:      lordsloth_arrival_two_stooges, layout_basic
D:2:      layout_loops_ring, uniq_terence
D:3:      minmay_octagon_keep, layout_rooms, basic_ecumenical_altar,
          corexii_shack, uniq_crazy_yiuf_cottage

Skill      XL: |  1  2  3 |
---------------+----------+-----
Dodging        | 3 |  3.2
Unarmed Combat | 4 |  4.3
Fighting       | 4 |  4.4
Armour         | 1 |  1.4
Stealth        | |  2.1
Invocations    | |  0.6

Action                   |  1- 3 |  4- 6 || total
-------------------------+-------+-------++-------
Melee: Unarmed           |   100 |    87 ||   187
       Punch             |     5 |     1 ||     6
Armor: Robe              |     9 |       ||     9
       Scale mail        |    24 |       ||    24
       Chain mail        |       |    71 ||    71
Dodge: Dodged            |    54 |    48 ||   102

Table legend: (Time is in decaauts)
 A = Elapsed time spent in this place.
 B = Non-inter-level travel time spent in this place.
 C = Inter-level travel time spent in this place.
 D = Time resting spent in this place.
 E = Time spent auto-exploring this place.
 F = Levels seen in this place.
 G = Mean time per level.
                   A        B        C        D        E       F      G
               +--------+--------+--------+--------+--------+-----+--------+
         Total |   2452 |   2374 |     78 |    555 |   1406 |   3 |  817.3 |
       Dungeon |   2452 |   2374 |     78 |    555 |   1406 |   3 |  817.3 |
               +--------+--------+--------+--------+--------+-----+--------+

Top non-repeatable levels by time:
     D:2: 1331 daAuts
     D:1: 776 daAuts
     D:3: 344 daAuts
